[Event "ICC tourney 2532 (25 5)"]
[Site "Internet Chess Club"]
[Date "2021.04.24"]
[Round "2"]
[White "CHEN, JUSTIN:K12-14732288"]
[Black "ANAND, SANJEEV:K12-14436451"]
[Result "1-0"]
[ICCResult "Black resigns"]
[WhiteElo "2390"]
[BlackElo "1753"]
[Opening "Caro-Kann: exchange variation"]
[ECO "B13"]
[NIC "CK.02"]
[Time "13:11:43"]
[PlyCount "63"]
[TimeControl "1500+5"]

1. e4 c6 2. d4 d5 3. exd5 cxd5 4. Bd3 Nc6 5. c3 Qc7 6. Ne2 e6 7. Bf4 Bd6 8.
Bxd6 Qxd6 9. O-O Nf6 10. Nd2 O-O 11. Nf3 a6 12. a4 b6 13. Ng3 Bd7 14. Qe2
a5 15. Ne5 Rac8 16. f4 Rfe8 17. Nh5 Nxh5 18. Bxh7+ Kf8 19. Qxh5 Nd8 20. Bg6
Ke7 21. Qh4+ Kf8 22. Qh8+ Ke7 23. Qxg7 Rf8 24. Bh5 Ke8 25. Rae1 Bxa4 26. f5
Rc7 27. fxe6 Nxe6 28. Nxf7 Rcxf7 29. Rxf7 Kd8 30. Rxe6 Rxf7 31. Rxd6+ Rd7
32. Rxd7+ { Black resigns } 1-0

[Event "ICC tourney 2532 (25 5)"]
[Site "Internet Chess Club"]
[Date "2021.04.24"]
[Round "2"]
[White "DOMMALAPATI, AASA:K12-13778456"]
[Black "WEIHENG CHENG, ADRIEN:K12-16318903"]
[Result "1-0"]
[ICCResult "Black resigns"]
[WhiteElo "1997"]
[BlackElo "1439"]
[Opening "Scotch: Steinitz variation"]
[ECO "C45"]
[NIC "SO.04"]
[Time "13:12:02"]
[PlyCount "35"]
[TimeControl "1500+5"]

1. e4 e5 2. Nf3 Nc6 3. d4 exd4 4. Nxd4 Qh4 5. Nc3 Bb4 6. Nb5 Bxc3+ 7. bxc3
Qxe4+ 8. Be2 Qe5 9. f4 Qc5 10. Nxc7+ Kd8 11. Nxa8 Nf6 12. Qd3 Re8 13. a4
Ng4 14. Qf3 a6 15. Ba3 Qa5 16. Bd6 Qf5 17. Bc7+ Ke7 18. Qxg4 { Black
resigns } 1-0

[Event "ICC tourney 2532 (25 5)"]
[Site "Internet Chess Club"]
[Date "2021.04.24"]
[Round "2"]
[White "K HARRIS, ALEX:K12-14223018"]
[Black "EDWARD MCDONNELL, PATRICK:K12-17294137"]
[Result "1-0"]
[ICCResult "Black resigns"]
[WhiteElo "1805"]
[BlackElo "218"]
[Opening "King's Indian: London system"]
[ECO "A48"]
[NIC "QP.03"]
[Time "13:12:42"]
[PlyCount "81"]
[TimeControl "1500+5"]

1. d4 Nf6 2. Nf3 g6 3. Bf4 Bg7 4. e3 O-O 5. Bc4 d6 6. h3 Nc6 7. O-O Re8 8.
c3 e5 9. dxe5 dxe5 10. Qxd8 Rxd8 11. Nxe5 Nxe5 12. Bxe5 Be6 13. Bxe6 fxe6
14. Bxc7 Rdc8 15. Be5 Rc5 16. Bxf6 Bxf6 17. Nd2 Rd8 18. Ne4 Rf5 19. g4 Rb5
20. Nxf6+ Kg7 21. Ne4 Rxb2 22. Rfb1 Rxb1+ 23. Rxb1 b6 24. c4 Rc8 25. c5
bxc5 26. Rb7+ Kg8 27. Nf6+ Kf8 28. Nxh7+ Kg8 29. Nf6+ Kf8 30. Rxa7 c4 31.
Ne4 c3 32. Nxc3 Rxc3 33. a4 Rc1+ 34. Kg2 Ra1 35. a5 Ra2 36. a6 g5 37. Ra8+
Kg7 38. a7 Kg6 39. Rg8+ Kf6 40. a8=Q Rxa8 41. Rxa8 { Black resigns } 1-0

[Event "ICC tourney 2532 (25 5)"]
[Site "Internet Chess Club"]
[Date "2021.04.24"]
[Round "2"]
[White "RAINEY, ERIK:K12-16504721"]
[Black "HUANG, ANDY:K12-14633373"]
[Result "0-1"]
[ICCResult "White checkmated"]
[WhiteElo "735"]
[BlackElo "2334"]
[Opening "Scandinavian (center counter) defense"]
[ECO "B01"]
[NIC "VO.17"]
[Time "13:12:02"]
[PlyCount "96"]
[TimeControl "1500+5"]

1. e4 d5 2. Bd3 dxe4 3. Bxe4 Nf6 4. Nc3 Nxe4 5. Nxe4 Bf5 6. Qf3 Qc8 7. d3
e6 8. Ng5 h6 9. Ne4 Be7 10. Ne2 O-O 11. O-O Nd7 12. N2g3 Bg6 13. Nh5 c6 14.
Nf4 Bh7 15. Qg3 Kh8 16. Nh5 Rg8 17. b3 Qb8 18. Qf3 Bg6 19. Bb2 Qc7 20. Rfe1
Qa5 21. Nf4 Bf5 22. Ng3 Bh7 23. Nfh5 Raf8 24. Nxg7 Rxg7 25. Qg4 Bf6 26.
Bxf6 Nxf6 27. Qh4 Qg5 28. Qb4 Rfg8 29. Qxb7 h5 30. Qxc6 h4 31. Ne2 Qxg2+
32. Qxg2 Rxg2+ 33. Kf1 Nd5 34. Red1 Rxh2 35. c4 Rh1+ 36. Ng1 Rgxg1+ 37. Ke2
Rxd1 38. Rxd1 Nc3+ 39. Kd2 Nxd1 40. a4 Nxf2 41. d4 Rd1+ 42. Kc3 Rd3+ 43.
Kb4 Rxd4 44. Kb5 h3 45. b4 h2 46. c5 h1=Q 47. a5 Qb7+ 48. Ka4 Qxb4# { White
checkmated } 0-1

[Event "ICC tourney 2532 (25 5)"]
[Site "Internet Chess Club"]
[Date "2021.04.24"]
[Round "2"]
[White "ANGELA ZHENG, CARISSA:K12-15612136"]
[Black "THOMAS JOHNSON, MATTHEW:K12-16703970"]
[Result "0-1"]
[ICCResult "White resigns"]
[WhiteElo "1974"]
[BlackElo "1429"]
[Opening "Scotch gambit: Dubois-Réti defense"]
[ECO "C55"]
[NIC "KP.02"]
[Time "13:11:12"]
[PlyCount "36"]
[TimeControl "1500+5"]

1. e4 e5 2. Nf3 Nc6 3. Bc4 Nf6 4. d4 exd4 5. e5 d5 6. Bb5 Ne4 7. Nxd4 Bd7
8. Bxc6 Bxc6 9. O-O Bc5 10. f3 Bb5 11. Re1 Nf2 12. Kxf2 Qh4+ 13. Ke3 Bxd4+
14. Qxd4 Qxe1+ 15. Kf4 g5+ 16. Kf5 Bd7+ 17. Kxg5 Rg8+ 18. Kh5 Qxc1 { White
resigns } 0-1

[Event "ICC tourney 2532 (25 5)"]
[Site "Internet Chess Club"]
[Date "2021.04.24"]
[Round "2"]
[White "CRNKOVICH, LEIF:K12-30020685"]
[Black "IYER, AYUSH:K12-15543394"]
[Result "1-0"]
[ICCResult "Black resigns"]
[WhiteElo "634"]
[BlackElo "1369"]
[Opening "Giuoco Piano"]
[ECO "C54"]
[NIC "IG.02"]
[Time "13:12:02"]
[PlyCount "121"]
[TimeControl "1500+5"]

1. e4 e5 2. Nf3 Nc6 3. Bc4 Bc5 4. c3 Nf6 5. d4 exd4 6. e5 Ng8 7. cxd4 Bb4+
8. Bd2 Bxd2+ 9. Nbxd2 d5 10. Bb5 Bd7 11. Bxc6 Bxc6 12. O-O Ne7 13. Re1 O-O
14. Qc2 Ng6 15. e6 fxe6 16. Rxe6 Nf4 17. Ree1 Qd7 18. h3 Qd6 19. Ng5 Qg6
20. Qxg6 hxg6 21. Ne6 Nxe6 22. Rxe6 Kh7 23. Nf3 Rae8 24. Rae1 Bd7 25. Rxe8
Rxe8 26. Kf1 Bb5+ 27. Kg1 Rxe1+ 28. Nxe1 Kh6 29. f4 g5 30. f5 Bd7 31. g4 b6
32. Kf2 c5 33. dxc5 bxc5 34. Nd3 c4 35. Nb4 d4 36. Ke2 Bb5 37. Kd2 a5 38.
Nc2 d3 39. Nd4 Bd7 40. b3 cxb3 41. Nxb3 Bb5 42. Nxa5 g6 43. f6 Kh7 44. Nb3
Kg8 45. Nc5 Kf7 46. Nxd3 Kxf6 47. Kc3 Ke6 48. Kd4 Kd6 49. Ke4 Bc4 50. a3
Bd5+ 51. Kd4 Bg2 52. Nf2 Ke6 53. a4 Bf1 54. a5 Kd6 55. Ne4+ Kc6 56. Nxg5
Kb5 57. h4 Kxa5 58. h5 gxh5 59. gxh5 Bh3 60. Ke5 Bf5 61. Kxf5 { Black
resigns } 1-0

[Event "ICC tourney 2532 (25 5)"]
[Site "Internet Chess Club"]
[Date "2021.04.24"]
[Round "2"]
[White "TAHMASSEBI, BIJAN:K12-14989940"]
[Black "KARP, RICHARD:K12-15130704"]
[Result "1-0"]
[ICCResult "Black checkmated"]
[WhiteElo "2174"]
[BlackElo "1633"]
[Opening "Owen defense"]
[ECO "B00"]
[NIC "VO.01"]
[Time "13:11:49"]
[PlyCount "97"]
[TimeControl "1500+5"]

1. e4 b6 2. f4 Bb7 3. Nc3 e6 4. Nf3 Bb4 5. d3 d5 6. exd5 exd5 7. Bd2 Nf6 8.
Be2 O-O 9. O-O Nbd7 10. Kh1 Re8 11. d4 a5 12. Bd3 Ba6 13. Bxa6 Rxa6 14. Ne5
Bxc3 15. Bxc3 Ne4 16. Be1 f6 17. Nf3 b5 18. Qd3 Qb8 19. a4 c6 20. axb5 Qxb5
21. Qxb5 cxb5 22. Rxa5 Rxa5 23. Bxa5 Ra8 24. Bb4 Ra2 25. Rb1 Nb6 26. Ne1
Nc4 27. Nd3 Kf7 28. g3 Ne3 29. c3 Nc2 30. Rc1 Ne3 31. Ba3 Nc4 32. Nb4 Rxa3
33. bxa3 Nxa3 34. Nxd5 Nc4 35. Kg2 Ned6 36. Re1 f5 37. Re7+ Kg6 38. Ne3 Nd2
39. Re6+ Kf7 40. Rxd6 b4 41. cxb4 g5 42. fxg5 h6 43. gxh6 f4 44. h7 f3+ 45.
Kh3 Kg7 46. Rh6 Kxh6 47. h8=Q+ Kg5 48. Qg7+ Kh5 49. g4# { Black checkmated
} 1-0

[Event "ICC tourney 2532 (25 5)"]
[Site "Internet Chess Club"]
[Date "2021.04.24"]
[Round "2"]
[White "DUSK RUBENSTEIN, OLIVER:K12-14452644"]
[Black "XAVIER MARTINEZ, HECTOR:K12-14499157"]
[Result "1-0"]
[ICCResult "Black resigns"]
[WhiteElo "660"]
[BlackElo "1436"]
[Opening "King's Indian: Four pawns attack, dynamic line"]
[ECO "A56"]
[NIC "BI.38"]
[Time "13:11:36"]
[PlyCount "39"]
[TimeControl "1500+5"]

1. d4 Nf6 2. c4 c5 3. d5 d6 4. Nc3 g6 5. e4 Bg7 6. f4 O-O 7. Nf3 Qc7 8. Be2
a6 9. O-O Bd7 10. e5 dxe5 11. fxe5 Ng4 12. d6 exd6 13. exd6 Qd8 14. Bg5 Qc8
15. Nd5 Qe8 16. Nc7 Qe4 17. Bd3 Qc6 18. Nxa8 h6 19. Be7 Re8 20. Qd2 { Black
resigns } 1-0

[Event "ICC tourney 2532 (25 5)"]
[Site "Internet Chess Club"]
[Date "2021.04.24"]
[Round "2"]
[White "KOLAKALETI, SUSHEN:K12-15197630"]
[Black "ESPINOSA, PEDRO:K12-14987738"]
[Result "0-1"]
[ICCResult "White resigns"]
[WhiteElo "1676"]
[BlackElo "2200"]
[Opening "Queen's bishop game"]
[ECO "D02"]
[NIC "QP.08"]
[Time "13:12:42"]
[PlyCount "62"]
[TimeControl "1500+5"]

1. d4 d5 2. Nf3 Nf6 3. Bf4 e6 4. e3 Bd6 5. Bg3 O-O 6. Bd3 c5 7. c3 Nc6 8.
Nbd2 b6 9. Ne5 Qc7 10. Ndf3 Bb7 11. O-O Ne4 12. Nxc6 Nxg3 13. hxg3 Bxc6 14.
Re1 c4 15. Bc2 b5 16. e4 dxe4 17. Bxe4 Bxe4 18. Rxe4 a5 19. Ne5 b4 20. Qh5
f6 21. Nf3 a4 22. Rxe6 Ra5 23. Qg4 a3 24. bxa3 bxc3 25. Qe4 Bxa3 26. Re1
Bb4 27. Re7 Qxe7 28. Qxe7 Bxe7 29. Rxe7 c2 30. Re1 Rxa2 31. Rc1 Rb8 { White
resigns } 0-1

[Event "ICC tourney 2532 (25 5)"]
[Site "Internet Chess Club"]
[Date "2021.04.24"]
[Round "2"]
[White "SIVAKUMAR, NIKHIL:K12-15397264"]
[Black "ARAI LI, GORDON:K12-14256924"]
[Result "0-1"]
[ICCResult "White checkmated"]
[WhiteElo "1464"]
[BlackElo "2008"]
[Opening "French: Wing gambit"]
[ECO "C00"]
[NIC "FR.01"]
[Time "13:11:27"]
[PlyCount "96"]
[TimeControl "1500+5"]

1. e4 e6 2. Nf3 d5 3. e5 c5 4. b4 cxb4 5. a3 Bd7 6. d4 Nc6 7. Bd3 Nge7 8.
O-O Qb6 9. Be2 Nf5 10. axb4 Nfxd4 11. Nxd4 Qxd4 12. Qxd4 Nxd4 13. Bd3 Nc6
14. f4 Bxb4 15. Ba3 O-O 16. c3 Bxa3 17. Nxa3 a6 18. Rab1 b5 19. Nc2 Rfc8
20. Nd4 Nxd4 21. cxd4 Rc3 22. Be2 Rac8 23. Ra1 R8c6 24. Rf3 Rc1+ 25. Rf1
Rxa1 26. Rxa1 Kf8 27. Kf2 Ke7 28. g3 Kd8 29. Ke3 Kc7 30. Kd2 Kb6 31. Bd3 g6
32. Rb1 Rc7 33. h4 h5 34. Be2 a5 35. g4 hxg4 36. Bxg4 Rc4 37. Kd3 b4 38. h5
gxh5 39. Bxh5 Bb5 40. Rd1 b3 41. Rd2 a4 42. Ke3 a3 43. Bxf7 a2 44. Rd1 b2
45. Bxe6 b1=Q 46. Rxb1 axb1=Q 47. Bxd5 Rc3+ 48. Kf2 Qf1# { White checkmated
} 0-1

[Event "ICC tourney 2532 (25 5)"]
[Site "Internet Chess Club"]
[Date "2021.04.24"]
[Round "2"]
[White "BRAZAUSKAS, KIPRAS:K12-15989894"]
[Black "AUGUSTO BALDERAS, ADOLFO:K12-14480460"]
[Result "1-0"]
[ICCResult "Black resigns"]
[WhiteElo "1390"]
[BlackElo "1962"]
[Opening "Sicilian: accelerated fianchetto, modern variation"]
[ECO "B34"]
[NIC "SI.33"]
[Time "13:12:22"]
[PlyCount "45"]
[TimeControl "1500+5"]

1. e4 c5 2. Nf3 Nc6 3. d4 cxd4 4. Nxd4 g6 5. Nc3 Bg7 6. Nxc6 bxc6 7. Bf4 d6
8. Bc4 Rb8 9. Bb3 Ba6 10. Rb1 Qa5 11. Bd2 Qc7 12. Qf3 Nf6 13. Ne2 O-O 14.
O-O d5 15. exd5 cxd5 16. Rfe1 Qd7 17. Bc3 Bb7 18. Bd4 a5 19. Nc3 Rfd8 20.
Ba4 Bc6 21. Bxc6 Qxc6 22. Rxe7 Ne4 23. Qxf7+ { Black resigns } 1-0

[Event "ICC tourney 2532 (25 5)"]
[Site "Internet Chess Club"]
[Date "2021.04.24"]
[Round "2"]
[White "EL MOSELHY, ALI:K12-14881746"]
[Black "NIRAG SHAH, ARYA:K12-17096474"]
[Result "0-1"]
[ICCResult "White resigns"]
[WhiteElo "1394"]
[BlackElo "1975"]
[Opening "English: Mikenas-Carls, Sicilian variation"]
[ECO "A19"]
[NIC "EO.64"]
[Time "13:11:56"]
[PlyCount "60"]
[TimeControl "1500+5"]

1. c4 Nf6 2. Nc3 e6 3. e4 c5 4. Nf3 d6 5. d4 cxd4 6. Nxd4 Nc6 7. Bg5 Be7 8.
Be2 a6 9. O-O O-O 10. f4 Qb6 11. e5 dxe5 12. fxe5 Nxe5 13. Kh1 Rd8 14. Be3
Bc5 15. Rf4 Ng6 16. Na4 Qc7 17. Rf1 Bxd4 18. Bxd4 e5 19. Bb6 Rxd1 20. Bxc7
Rxa1 21. Rxa1 Bg4 22. Bxg4 Nxg4 23. Rd1 Nf2+ 24. Kg1 Nxd1 25. b3 f5 26. Nc5
Rc8 27. Bd6 Rc6 28. Nxb7 e4 29. Bg3 f4 30. Bh4 Nxh4 { White resigns } 0-1

[Event "ICC tourney 2532 (25 5)"]
[Site "Internet Chess Club"]
[Date "2021.04.24"]
[Round "2"]
[White "ROY, RAYAT:K12-14819746"]
[Black "KUMARAPPAN, GANESH:K12-14920281"]
[Result "0-1"]
[ICCResult "White checkmated"]
[WhiteElo "1488"]
[BlackElo "2004"]
[Opening "Sicilian: Pelikan (Lasker/Sveshnikov) variation"]
[ECO "B33"]
[NIC "SI.35"]
[Time "13:12:02"]
[PlyCount "80"]
[TimeControl "1500+5"]

1. e4 c5 2. Nf3 Nc6 3. d4 cxd4 4. Nxd4 Nf6 5. Nc3 e5 6. Ndb5 d6 7. f3 a6 8.
Na3 b5 9. Nd5 Be7 10. Be3 Rb8 11. Qd2 O-O 12. O-O-O Nxd5 13. exd5 Na5 14.
Kb1 Bd7 15. g4 Qc7 16. b3 b4 17. Nc4 Nxc4 18. Bxc4 Bb5 19. Bxb5 Rxb5 20. g5
Rc8 21. h4 f5 22. gxf6 Bxf6 23. h5 e4 24. fxe4 Bc3 25. Qg2 Ra5 26. a4 Qd7
27. Bd4 Rxa4 28. bxa4 Rc7 29. Qxg7+ Qxg7 30. Bxg7 Kxg7 31. Rhg1+ Kf6 32.
Rdf1+ Ke5 33. Rg4 Kd4 34. Rd1+ Kc5 35. Ka2 Kb6 36. Rf4 Be5 37. Rf2 Ka5 38.
Kb3 Rc3+ 39. Ka2 Ra3+ 40. Kb1 Ra1# { White checkmated } 0-1

[Event "ICC tourney 2532 (25 5)"]
[Site "Internet Chess Club"]
[Date "2021.04.24"]
[Round "2"]
[White "POLLARD, VAIDEN:K12-14600991"]
[Black "FLORES, NANCY:K12-15939190"]
[Result "1-0"]
[ICCResult "Black resigns"]
[WhiteElo "1156"]
[BlackElo "407"]
[Opening "French: advance variation"]
[ECO "C02"]
[NIC "FR.03"]
[Time "13:11:39"]
[PlyCount "97"]
[TimeControl "1500+5"]

1. e4 e6 2. d4 d5 3. e5 c5 4. c3 Qb6 5. Nf3 Nc6 6. dxc5 Bxc5 7. Qd2 Nge7 8.
Qe2 O-O 9. b4 Bxf2+ 10. Qxf2 Qxf2+ 11. Kxf2 a6 12. Be2 b5 13. Re1 d4 14.
cxd4 Nxb4 15. Na3 Ned5 16. Bd2 Nc6 17. Rac1 Na7 18. Nc2 f6 19. Kg1 fxe5 20.
dxe5 Rd8 21. Nb4 Bb7 22. Ng5 Nxb4 23. Bxb4 Rd5 24. Bf3 Rd7 25. Bxb7 Rxb7
26. Nxe6 Rb6 27. Nc7 Rc8 28. e6 Rb7 29. Nxa6 Re8 30. Nc7 Reb8 31. e7 Kf7
32. e8=Q+ Rxe8 33. Nxe8 Rd7 34. Rc7 Rxc7 35. Nxc7 Nc6 36. a3 Nd4 37. Rf1+
Kg6 38. Rd1 Nf5 39. Nxb5 Ne3 40. Rd6+ Kf7 41. a4 Nc4 42. Rc6 Ne5 43. Rc7+
Ke6 44. a5 Nd7 45. a6 Nb6 46. Rc6+ Kd7 47. Rxb6 Kc8 48. a7 Kd8 49. Rb7 {
Black resigns } 1-0

[Event "ICC tourney 2532 (25 5)"]
[Site "Internet Chess Club"]
[Date "2021.04.24"]
[Round "2"]
[White "BRAWER, GRIFFIN:K12-15017121"]
[Black "GALVAN, EFRAIN:K12-15644368"]
[Result "1-0"]
[ICCResult "Black checkmated"]
[WhiteElo "1241"]
[BlackElo "510"]
[Opening "Queen's pawn game"]
[ECO "D02"]
[NIC "QP.08"]
[Time "13:11:18"]
[PlyCount "93"]
[TimeControl "1500+5"]

1. d4 d5 2. Nf3 e6 3. Bf4 Nf6 4. e3 Nc6 5. Bb5 Bd7 6. Nc3 Be7 7. O-O O-O 8.
h3 a6 9. Bd3 b5 10. Bg5 b4 11. Ne2 a5 12. Ng3 Bd6 13. Qe2 a4 14. Nh5 Be7
15. Ng3 a3 16. b3 Bd6 17. Nh2 e5 18. dxe5 Bxe5 19. Rad1 Qe8 20. f4 Bc3 21.
Bxf6 Bxf6 22. Nh5 Bh4 23. g3 Be7 24. Rf3 d4 25. Bb5 Rb8 26. g4 Bc5 27. Qc4
dxe3 28. Qxc5 e2 29. Re1 Ne7 30. Bxd7 Qxd7 31. Rd3 Qe8 32. Rxe2 Rb5 33.
Qxe7 Qb8 34. Red2 Qa7+ 35. Kf1 Rbb8 36. Rd8 Qa8 37. Rxf8+ Rxf8 38. Rd7 Qa6+
39. Ke1 Qa8 40. Kf2 Qa7+ 41. Qe3 Qa8 42. Rxc7 Re8 43. Re7 Rc8 44. Qe4 Qa7+
45. Rxa7 Rxc2+ 46. Qxc2 g6 47. Ra8# { Black checkmated } 1-0

[Event "ICC tourney 2532 (25 5)"]
[Site "Internet Chess Club"]
[Date "2021.04.24"]
[Round "2"]
[White "METWALLY, ISMAEL:K12-14849072"]
[Black "WANG, ANDREW:K12-14159754"]
[Result "1-0"]
[ICCResult "Black checkmated"]
[WhiteElo "786"]
[BlackElo "1840"]
[Opening "Two knights defense"]
[ECO "C59"]
[NIC "KP.01"]
[Time "13:11:30"]
[PlyCount "125"]
[TimeControl "1500+5"]

1. e4 e5 2. Nf3 Nc6 3. Bc4 Nf6 4. Ng5 d5 5. exd5 Na5 6. Bb5+ c6 7. dxc6
bxc6 8. Be2 h6 9. Nf3 e4 10. Ng1 Bc5 11. Nc3 Qd4 12. Nh3 Bxh3 13. O-O Be6
14. d3 exd3 15. cxd3 Qh4 16. Be3 Bd6 17. g3 Qh3 18. Ne4 Nxe4 19. dxe4 Rd8
20. Qa4 Nb7 21. Qxa7 Rb8 22. Ba6 Bg4 23. f4 Bc8 24. Rac1 O-O 25. e5 Bc7 26.
Rxc6 Qd7 27. Rxc7 Qxc7 28. Rc1 Qa5 29. Qxb8 Qxa6 30. Rxc8 Rxc8 31. Qxc8+
Kh7 32. Qf5+ Kg8 33. Qc8+ Kh7 34. Qc2+ g6 35. f5 gxf5 36. Qxf5+ Kg7 37.
Qf6+ Qxf6 38. exf6+ Kxf6 39. Bxh6 Nc5 40. a3 Ke5 41. b4 Na4 42. Kf2 Kd4 43.
Bc1 Nb6 44. Be3+ Kc4 45. Bxb6 Kb5 46. Be3 Ka4 47. Bc1 Kb5 48. h4 Kc6 49. h5
Kd7 50. h6 Ke7 51. h7 f5 52. h8=Q f4 53. Qh7+ Kf6 54. gxf4 Ke6 55. Qe4+ Kf6
56. Qe5+ Kf7 57. b5 Kg6 58. b6 Kf7 59. b7 Kg6 60. b8=Q Kh7 61. Qb6 Kg8 62.
Qec7 Kf8 63. Qbb8# { Black checkmated } 1-0

[Event "ICC tourney 2532 (25 5)"]
[Site "Internet Chess Club"]
[Date "2021.04.24"]
[Round "2"]
[White "SHINDER, MICHAEL:K12-16269718"]
[Black "DYLAN HUDSON, QUINN:K12-14347301"]
[Result "0-1"]
[ICCResult "White resigns"]
[WhiteElo "1571"]
[BlackElo "2141"]
[Opening "Queen's Indian: 4.Nc3, main line"]
[ECO "E13"]
[NIC "NI.26"]
[Time "13:11:47"]
[PlyCount "70"]
[TimeControl "1500+5"]

1. d4 Nf6 2. c4 e6 3. Nc3 Bb4 4. Nf3 b6 5. Bg5 h6 6. Bh4 Bb7 7. Qb3 Be7 8.
Bg3 c5 9. dxc5 Bxc5 10. Nb5 Na6 11. Bd6 Ne4 12. Bxc5 Naxc5 13. Qd1 O-O 14.
g3 a6 15. Nd6 Nxd6 16. Qxd6 Ne4 17. Qd3 Qe7 18. Bg2 Qb4+ 19. Kf1 Qxb2 20.
Rb1 Qxa2 21. Rxb6 Rab8 22. Qe3 Bd5 23. Rxb8 Rxb8 24. Bh3 Nd2+ 25. Kg2 Nxc4
26. Qf4 Rb2 27. Rf1 Nd2 28. Rc1 Nxf3 29. Rc8+ Kh7 30. Bf5+ exf5 31. Qxf5+
g6 32. Qf6 Ng5+ 33. f3 Bxf3+ 34. Kf2 Rxe2+ 35. Kf1 Qb1+ { White resigns }
0-1

[Event "ICC tourney 2532 (25 5)"]
[Site "Internet Chess Club"]
[Date "2021.04.24"]
[Round "2"]
[White "PALLIYATH, YUVRAJ:K12-17213791"]
[Black "CARMINA, JONATHAN:K12-15466693"]
[Result "0-1"]
[ICCResult "White checkmated"]
[WhiteElo "473"]
[BlackElo "1183"]
[Opening "Evans gambit"]
[ECO "C51"]
[NIC "IG.05"]
[Time "13:12:02"]
[PlyCount "62"]
[TimeControl "1500+5"]

1. e4 e5 2. Nf3 Nc6 3. Bc4 Bc5 4. b4 Bxb4 5. c3 Bc5 6. Ba3 Qe7 7. Bxc5 Qxc5
8. d4 Qxc4 9. Nfd2 Qe6 10. Nf3 Nf6 11. O-O O-O 12. Re1 d5 13. Nbd2 dxe4 14.
Nxe4 Nxe4 15. Rxe4 Qg6 16. Qe1 Bf5 17. Nxe5 Nxe5 18. Rxe5 f6 19. Re7 Rfe8
20. f3 Rxe7 21. Qxe7 Re8 22. Qxc7 Bh3 23. g3 Qd3 24. Qxb7 Qe3+ 25. Kh1 Qf2
26. Rg1 h6 27. Qb1 Re2 28. Qb3+ Kh7 29. Qb1+ f5 30. Qxf5+ Bxf5 31. g4 Qxh2#
{ White checkmated } 0-1

[Event "ICC tourney 2532 (25 5)"]
[Site "Internet Chess Club"]
[Date "2021.04.24"]
[Round "2"]
[White "KUMAR KOTHAPALLI, PRADHYUMNA:K12-15273893"]
[Black "SHKLOVER, DIANA:K12-14672010"]
[Result "1-0"]
[ICCResult "Black resigns"]
[WhiteElo "2140"]
[BlackElo "1527"]
[Opening "French: advance, Euwe variation"]
[ECO "C02"]
[NIC "FR.03"]
[Time "13:11:53"]
[PlyCount "49"]
[TimeControl "1500+5"]

1. e4 e6 2. d4 d5 3. e5 c5 4. c3 Nc6 5. Nf3 Bd7 6. a3 a6 7. Bd3 Qb6 8. dxc5
Bxc5 9. O-O Qc7 10. Bf4 Nge7 11. Bg3 Ng6 12. Re1 O-O 13. Nbd2 b5 14. Nf1
Bb6 15. h4 Na5 16. Ng5 h6 17. Nxf7 Rxf7 18. Bxg6 Rff8 19. Bc2 Nc4 20. Qg4
Qa7 21. Re2 Rf7 22. Qg6 Rxf2 23. Bxf2 Bxf2+ 24. Rxf2 Qxf2+ 25. Kxf2 { Black
resigns } 1-0

[Event "ICC tourney 2532 (25 5)"]
[Site "Internet Chess Club"]
[Date "2021.04.24"]
[Round "2"]
[White "WERNER CHASIN, NICO:K12-14955471"]
[Black "PENG, BRANDON:K12-15283836"]
[Result "1-0"]
[ICCResult "Black checkmated"]
[WhiteElo "2392"]
[BlackElo "1769"]
[Opening "Nimzovich-Larsen attack: classical variation"]
[ECO "A01"]
[NIC "VO.08"]
[Time "13:11:16"]
[PlyCount "109"]
[TimeControl "1500+5"]

1. b3 d5 2. Bb2 c5 3. Nf3 Nc6 4. e3 e6 5. Bb5 Bd7 6. O-O Nf6 7. Bxc6 Bxc6
8. Ne5 Be7 9. Nxc6 bxc6 10. Nc3 O-O 11. Na4 Rb8 12. Qe2 c4 13. Be5 Bd6 14.
Bxd6 Qxd6 15. Nc3 Rfd8 16. bxc4 dxc4 17. Rab1 h6 18. g3 Rxb1 19. Rxb1 Qxd2
20. Rd1 Qxc3 21. Rxd8+ Kh7 22. Rd4 Qa1+ 23. Kg2 Qxa2 24. Qxc4 Qa5 25. Qxc6
Qf5 26. Qc4 a5 27. Qd3 Qxd3 28. cxd3 Nd5 29. Ra4 Nb4 30. d4 Nd5 31. Rxa5
Kg6 32. Kf3 Ne7 33. g4 Nd5 34. Rxd5 exd5 35. e4 dxe4+ 36. Kxe4 Kf6 37. Kd5
Ke7 38. Kc6 Kd8 39. Kd6 g6 40. h4 f6 41. f4 g5 42. fxg5 fxg5 43. hxg5 hxg5
44. d5 Ke8 45. Kc7 Kf7 46. d6 Kg6 47. d7 Kh6 48. d8=Q Kg6 49. Qd5 Kh6 50.
Qf5 Kg7 51. Qxg5+ Kh7 52. Kd7 Kh8 53. Ke7 Kh7 54. Kf7 Kh8 55. Qh6# { Black
checkmated } 1-0

[Event "ICC tourney 2532 (25 5)"]
[Site "Internet Chess Club"]
[Date "2021.04.24"]
[Round "2"]
[White "MUTHUKUMAR, AADITH:K12-15488268"]
[Black "XU, KEVIN:K12-15437078"]
[Result "0-1"]
[ICCResult "White resigns"]
[WhiteElo "1529"]
[BlackElo "2091"]
[Opening "Sicilian: Grand Prix attack"]
[ECO "B23"]
[NIC "SI.44"]
[Time "13:11:51"]
[PlyCount "72"]
[TimeControl "1500+5"]

1. e4 c5 2. Nc3 Nc6 3. f4 g6 4. Nf3 Bg7 5. Bc4 e6 6. d3 d6 7. O-O Nge7 8.
Bd2 O-O 9. h3 Nd4 10. Nxd4 cxd4 11. Ne2 Rb8 12. c3 Nc6 13. Bb5 dxc3 14.
Bxc3 Qb6+ 15. Kh1 Qxb5 16. Bxg7 Kxg7 17. g4 f5 18. Ng3 Bd7 19. gxf5 exf5
20. Nh5+ Kh8 21. Qd2 Qb4 22. Qe2 fxe4 23. dxe4 Rbe8 24. Ng3 Bf5 25. a3 Qa4
26. b4 Bd7 27. f5 Ne5 28. Qd2 Qb3 29. Qg2 Qg8 30. f6 Qe6 31. Nh5 Qxh3+ 32.
Qxh3 Bxh3 33. Ng7 Bxf1 34. Rxf1 Rc8 35. Ne6 Kg8 36. Ng5 h6 { White resigns
} 0-1

[Event "ICC tourney 2532 (25 5)"]
[Site "Internet Chess Club"]
[Date "2021.04.24"]
[Round "2"]
[White "HENRY MOSES, KOLE:K12-14682221"]
[Black "OSKIPER, CONSTANTINE:K12-14338863"]
[Result "0-1"]
[ICCResult "White resigns"]
[WhiteElo "1347"]
[BlackElo "1909"]
[Opening "French: exchange variation"]
[ECO "C01"]
[NIC "FR.01"]
[Time "13:11:22"]
[PlyCount "88"]
[TimeControl "1500+5"]

1. e4 e6 2. d4 d5 3. exd5 exd5 4. Nf3 c5 5. c3 Nc6 6. Bb5 Nf6 7. Ne5 Qc7 8.
O-O Bd6 9. Re1 O-O 10. Bf4 Bf5 11. Bxc6 bxc6 12. dxc5 Bxc5 13. Nd3 Bd6 14.
Bxd6 Qxd6 15. Na3 Ng4 16. g3 Qh6 17. h4 g5 18. Qf3 Qf6 19. hxg5 Qxg5 20.
Ne5 h5 21. Nxc6 Be4 22. Qf4 Qxf4 23. gxf4 Kh8 24. Kf1 Rae8 25. Ke2 Bg2+ 26.
Kd2 Nxf2 27. Ne5 h4 28. Nxf7+ Kg7 29. Rxe8 Rxe8 30. Nd6 Rh8 31. Ke2 Ng4 32.
Rg1 h3 33. Nf5+ Kg6 34. Ng3 Re8+ 35. Kd2 Rf8 36. Nc2 Rxf4 37. Ne1 Rf2+ 38.
Kc1 Ne3 39. Nxg2 hxg2 40. a4 Kg5 41. b4 Kg4 42. Re1 Kxg3 43. Rxe3+ Kf4 44.
Re1 Rf1 { White resigns } 0-1

[Event "ICC tourney 2532 (25 5)"]
[Site "Internet Chess Club"]
[Date "2021.04.24"]
[Round "2"]
[White "JIANG, LEYOU:K12-16286576"]
[Black "JONES, JAVADE:K12-16985577"]
[Result "1-0"]
[ICCResult "Black resigns"]
[WhiteElo "1831"]
[BlackElo "432"]
[Opening "Robatsch (modern) defense"]
[ECO "B06"]
[NIC "KF.05"]
[Time "13:11:57"]
[PlyCount "62"]
[TimeControl "1500+5"]

1. e4 g6 2. d4 Bg7 3. c4 e5 4. d5 Ne7 5. Nc3 O-O 6. Bd3 d6 7. Nf3 f5 8. Bg5
Nd7 9. b4 h6 10. Bxe7 Qxe7 11. O-O Nf6 12. Re1 f4 13. Bf1 Bd7 14. Rc1 a6
15. c5 dxc5 16. bxc5 Qxc5 17. Nb5 Qb6 18. Nxc7 Rac8 19. d6 Bg4 20. Bc4+ Kh8
21. Be6 Bxf3 22. gxf3 Rcd8 23. d7 Qb4 24. Nd5 Qa3 25. Rc8 Qa5 26. Ne7 Nxd7
27. Nxg6+ Kh7 28. Nxf8+ Nxf8 29. Bf5+ Ng6 30. Qxd8 Qxd8 31. Rxd8 Bf6 {
Black resigns } 1-0